 Dungeon Crawl Stone Soup version 0.27-a0-1322-gfdffb62a71 (webtiles) character file.

Game seed: 15994830436965953517

60 dinky3 the Shield-Bearer (level 4, -2/37 HPs)
             Began as a Formicid Fighter on June 23, 2021.
             Slain by a hound (5 damage)
             ... on level 6 of the Dungeon.
             The game lasted 00:04:32 (724 turns).

dinky3 the Shield-Bearer (Formicid Fighter)          Turns: 724, Time: 00:04:32

Health: -2/37      AC:  9    Str: 18 (21) XL:     4   Next: 24%
Magic:  4/4        EV:  5    Int:  8      God:
Gold:   122        SH:  9    Dex:  8 (10) Spells: 3/3 levels left

rFire    . . .     SeeInvis +   a - +0 war axe
rCold    . . .     Faith    .   c - +0 kite shield
rNeg     . . .     Spirit   .   g - +0 chain mail
rPois    .         Reflect  .   (helmet unavailable)
rElec    .         Harm     .   (no cloak)
rCorr    .         Rampage  .   (no gloves)
Will     .....                  (no boots)
Stlth    ..........             (no amulet)
HPRegen  0.12/turn              (no ring)
MPRegen  0.09/turn              (no ring)

@: no status effects
A: permanent stasis, dig shafts and tunnels, antennae 3, four strong arms
a: Dig, Shaft Self


You were on level 6 of the Dungeon.
You visited 1 branch of the dungeon, and saw 6 of its levels.

You collected 122 gold pieces.

Inventory:

Hand Weapons
 a - a +0 war axe (weapon)
 d - a +2 hand axe of distortion
Missiles
 j - 5 silver boomerangs
Armour
 b - a +0 scale mail
 c - a +0 kite shield (worn)
 g - a +0 chain mail (worn)
Wands
 f - a wand of polymorph (6)
Scrolls
 h - 3 scrolls of holy word
 k - a scroll of amnesia
Potions
 i - a potion of degeneration


   Skills:
 + Level 3.8 Fighting
 * Level 3.2 Axes
 - Level 3.2 Armour
 + Level 4.2 Shields


You had 3 spell levels left.
You didn't know any spells.
Your spell library was empty.

Dungeon Overview and Level Annotations

Branches:
Dungeon (6/15)
 Temple: D:4-7

Altars:

Annotations:
D:4 2 transporters, atabob's ghost, amateur DsAK


Innate Abilities, Weirdness & Mutations

You cannot be hasted, slowed, berserked, paralysed or teleported.
You can dig through walls and to a lower floor.
You have a pair of large antennae on your head. (SInv)
Your four strong arms can wield two-handed weapons with a shield.


Message History

You closely miss the hound.
The ufetubus hits you but does no damage. x2
The hound bites you. The ufetubus barely misses you.
You block the ufetubus's attack. You block the hound's attack.
You slash the ufetubus!
You kill the ufetubus!
You barely miss the hound. The hound bites you but does no damage.
You block the bullfrog's attack. The hound bites you but does no damage.
The bullfrog hits you.
You closely miss the bullfrog. You hit the hound. The hound bites you.
The bullfrog releases a deep croak.
You block the bullfrog's attack. The hound bites you. The bullfrog hits you.
You hit the bullfrog.
The bullfrog is lightly wounded.
You hit the hound. You block the hound's attack. The bullfrog hits you.
* * * LOW HITPOINT WARNING * * *
The hound bites you but does no damage. The bullfrog hits you.
* * * LOW HITPOINT WARNING * * *
You block the hound's attack.
Unknown command.
You closely miss the bullfrog.
The bullfrog is lightly wounded.
You hit the hound. The bullfrog hits you.
* * * LOW HITPOINT WARNING * * *
You block the hound's attack. The bullfrog barely misses you.
The hound bites you but does no damage.
The bullfrog hits you but does no damage.
Unknown command.
Okay, then.
As you read the scroll labelled ZEOVIE NOOGIN, it crumbles to dust.
You feel a strange sense of stasis.
It was a scroll of teleportation.
The hound stops to sniff the ground.
The hound bites you.
* * * LOW HITPOINT WARNING * * *
You block the bullfrog's attack.
Unknown command.
You slash the bullfrog!
The bullfrog is severely wounded.
You closely miss the hound. The hound bites you.
You die...

....... #.#####
....##.##.....# .
. ............#
/............(..#
......#.##.<....#
...............##
......##........#
......##h.......#
.......@F.......#
........#.....#.#
..#..##.#.....#..#
.... ...F.....#.#
... ..........# .#
............
...........#
.......


You could see a bullfrog and a hound.

Vanquished Creatures
  2 adders (D:2)
  An ufetubus (D:6)
  A worm (D:4)
  A dart slug (D:3)
  4 orcs (D:4)
  2 endoplasms (D:4)
  2 giant cockroaches
  2 hobgoblins
  5 jackals
  A ball python (D:4)
  3 bats (D:2)
  2 frilled lizards
  A kobold (D:4)
  A rat (D:2)
28 creatures vanquished.

Vanquished Creatures (others)
  A dart slug (D:5)
1 creature vanquished.

Grand Total: 29 creatures vanquished

Notes
Turn   | Place    | Note
-------+----------+-------------------------------------------
     0 | D:1      | dinky3 the Formicid Fighter began the quest for the Orb.
     0 | D:1      | Reached XP level 1. HP: 18/18 MP: 1/1
   125 | D:2      | Reached XP level 2. HP: 17/24 MP: 2/2
   180 | D:2      | Reached XP level 3. HP: 27/29 MP: 3/3
   184 | D:2      | Reached skill level 4 in Shields
   370 | D:4      | Found a transporter.
   373 | D:4      | Noticed atabob's ghost (amateur DsAK)
   388 | D:4      | Reached XP level 4. HP: 35/37 MP: 4/4
   455 | D:4      | Found a transporter.
   474 | D:4      | Noticed a steam dragon
   478 | D:4      | Noticed a golden eye
   478 | D:4      | a steam dragon changed into a golden eye
   670 | D:5      | Entered Level 5 of the Dungeon
   670 | D:5      | Noticed an ogre
   714 | D:6      | Noticed a bullfrog
   724 | D:6      | Slain by a hound

Illustrated notes

Levels and vault maps discovered:
D:1:      psy_arrival_heroes, layout_basic, chequers_ecumenical_altar_twisty,
          serial_shops, nicolae_shop_behind_doors
D:2:      layout_basic, basic_altar
D:3:      layout_loops_ring, minmay_misc_feat_iff
D:4:      layout_basic, nicolae_overflow_hidden_temple,
          gammafunk_ghost_stat_death
D:5:      layout_rooms, small_statue_intersection, minmay_holes,
          lemuel_flame_loot_1
D:6:      layout_rooms, minmay_temple_entry_poolview, amcnicky_mini_pool_medium,
          uniq_sigmund

Skill      XL: |  1  2  3 |
---------------+----------+-----
Shields        | 4 |  4.2
Axes           | 3 |  3.2
Fighting       | |  3.8
Armour         | |  3.2

Action                   |  1- 3 |  4- 6 || total
-------------------------+-------+-------++-------
Melee: War axe           |    81 |    30 ||   111
 Abil: Dig               |     7 |     6 ||    13
Evoke: Wand              |       |     1 ||     1
  Use: Potion            |     3 |     1 ||     4
       Scroll            |     2 |     1 ||     3
Armor: Chain mail        |    57 |    20 ||    77
Dodge: Dodged            |    30 |     6 ||    36
Block: Kite shield       |    67 |    15 ||    82

Table legend: (Time is in decaauts)
 A = Elapsed time spent in this place.
 B = Non-inter-level travel time spent in this place.
 C = Inter-level travel time spent in this place.
 D = Time resting spent in this place.
 E = Time spent auto-exploring this place.
 F = Levels seen in this place.
 G = Mean time per level.
                   A        B        C        D        E       F      G
               +--------+--------+--------+--------+--------+-----+--------+
         Total |    793 |    793 |      0 |      0 |      0 |   6 |  132.2 |
       Dungeon |    793 |    793 |      0 |      0 |      0 |   6 |  132.2 |
               +--------+--------+--------+--------+--------+-----+--------+

Top non-repeatable levels by time:
     D:4: 460 daAuts
     D:2: 132 daAuts
     D:1: 88 daAuts
     D:3: 55 daAuts
     D:5: 40 daAuts
     D:6: 16 daAuts
